 Dungeon Crawl Stone Soup version 0.28.0 (webtiles) character file.

Game seed: 13337691740357405680

27 multipassport the Chiller (level 2, -2/16 HPs)
             Began as a Deep Elf Ice Elementalist on Feb 9, 2022.
             Slain by a hobgoblin (9 damage)
             ... on level 2 of the Dungeon.
             The game lasted 00:02:26 (388 turns).

multipassport the Chiller (DEIE)                     Turns: 388, Time: 00:02:27

Health: -2/16      AC:  2    Str:  5    XL:     2   Next: 93%
Magic:  3/8        EV: 13    Int: 19    God:
Gold:   7          SH:  0    Dex: 15    Spells: 6/7 levels left

rFire   . . .      SeeInvis .   (no weapon)
rCold   . . .      Faith    .   (no shield)
rNeg    . . .      Spirit   .   a - +0 robe
rPois   .          Reflect  .   (no helmet)
rElec   .          Harm     .   (no cloak)
rCorr   .          Rampage  .   (no gloves)
Will    .....                   (no boots)
Stlth   ++........              (no amulet)
HPRegen 0.05/turn               (no ring)
MPRegen 0.11/turn               (no ring)

@: no status effects
A: no striking features
a: no special abilities


You were on level 2 of the Dungeon.
You visited 1 branch of the dungeon, and saw 2 of its levels.

You collected 7 gold pieces.

Inventory:

Armour
 a - a +0 robe (worn)


   Skills:
 + Level 0.6 Fighting
 + Level 2.8 Dodging
 - Level 2.4 Stealth
 + Level 3.4 Spellcasting
 + Level 1.0 Conjurations
 + Level 4.6 Ice Magic


You had 6 spell levels left.
You knew the following spells:

 Your Spells              Type           Power      Damage    Failure   Level
a - Freeze                Ice            80%        1d9       2%          1

Your spell library contained the following spells:

 Spells                   Type           Power      Damage    Failure   Level
 Frozen Ramparts          Ice            40%        1d6       7%          3
 Ozocubu's Armour         Ice            20%        N/A       7%          3
 Hailstorm                Conj/Ice       14%        3d5       41%         4


Dungeon Overview and Level Annotations

Branches:
Dungeon (1/15)

Altars:


Message History

You freeze the kobold!
You kill the kobold!
Aiming: Freeze (safe; 2% risk of failure)
Press: ? - help, Q - select action Shift-Dir - straight line, f - adder
Aim: an adder (almost dead, slow)
You freeze the adder!
You kill the adder!
Your Conjurations skill increases to level 1!
Aiming: Freeze (safe; 2% risk of failure)
Press: ? - help, Q - select action Shift-Dir - straight line, f - quokka
Aim: a quokka You freeze the quokka.
The quokka is moderately wounded.
The quokka bites you.
Aiming: Freeze (safe; 2% risk of failure)
Press: ? - help, Q - select action Shift-Dir - straight line, f/p - quokka
Aim: a quokka You freeze the quokka.
The quokka is severely wounded.
The quokka barely misses you.
Aiming: Freeze (safe; 2% risk of failure)
Press: ? - help, Q - select action Shift-Dir - straight line, f/p - quokka
Aim: a quokka (severely wounded)
You freeze the quokka.
You kill the quokka!
Aiming: Freeze (safe; 2% risk of failure)
Press: ? - help, Q - select action Shift-Dir - straight line, f - hobgoblin
Aim: a hobgoblin You freeze the hobgoblin!
You kill the hobgoblin!
You start resting.
A hobgoblin comes into view. It is wielding a +0 spear.
Items here: ( ) †††.
Found a scroll labelled COSMAK ETSU.
The hobgoblin hits you from afar with a +0 spear.
You are too injured to fight recklessly!
You are too injured to fight recklessly!
The hobgoblin hits you with a +0 spear!
Ouch! That really hurt!
You die...

#####.# #...
#...........
......# #...#
#.##########
####### #...#
#.# #..?# #.#
### #...# #.#
....#...#####.#
.........)....#
..!......######
.......@=#
......g..#
.........#
..........
.......<.##
..........
.........#
.....#.#..


You could see a hobgoblin.

Vanquished Creatures
  2 adders (D:2)
  A giant cockroach (D:2)
  2 hobgoblins
  2 quokkas (D:2)
  A frilled lizard (D:1)
  A kobold (D:2)
  A rat (D:2)
10 creatures vanquished.

Notes
Turn   | Place    | Note
-------+----------+-------------------------------------------
     0 | D:1      | multipassport the Deep Elf Ice Elementalist began the quest
                  | for the Orb.
     0 | D:1      | Reached XP level 1. HP: 10/10 MP: 6/6
   121 | D:1      | You fall into a shaft and drop 1 floor!
   138 | D:2      | Reached XP level 2. HP: 16/16 MP: 5/8
   354 | D:2      | Reached skill level 1 in Conjurations
   388 | D:2      | Slain by a hobgoblin

Illustrated notes

Levels and vault maps discovered:
D:1:      ncdulo_wetmaze, layout_basic
D:2:      layout_basic, minmay_box_of_dots

Skill      XL: |  1  2 |
---------------+-------+-----
Conjurations   | 1 |  1.0
Fighting       | |  0.6
Dodging        | |  2.8
Stealth        | |  2.4
Spellcasting   | |  3.4
Ice Magic      | |  4.6

Action                   || total
-------------------------++-------
Melee: Unarmed           ||     1
 Cast: Freeze            ||    18
Armor: Robe              ||     1
Dodge: Dodged            ||     8
